 Dungeon Crawl Stone Soup version 0.28-a0-863-g8cecda6153 (webtiles) character file.

Game seed: 6536762685946168100

501 kae the Ruffian (level 6, 0/50 HPs)
             Began as a Draconian Transmuter on Nov 17, 2021.
             Was an Elder of Uskayaw.
             Slain by a bullfrog skeleton (3 damage)
             ... on level 6 of the Dungeon.
             The game lasted 00:02:40 (3329 turns).

kae the Ruffian (Draconian Transmuter)              Turns: 3329, Time: 00:02:41

Health: 0/50       AC:  6    Str: 13    XL:     6   Next: 95%
Magic:  2/10       EV: 12    Int: 15    God:    Uskayaw [****..]
Gold:   105        SH:  0    Dex: 11    Spells: 3/11 levels left

rFire   . . .      SeeInvis .     - Unarmed
rCold   . . .      Faith    .   (no shield)
rNeg    . . .      Spirit   .   (armour unavailable)
rPois   .          Reflect  .   (helmet restricted)
rElec   .          Harm     .   (no cloak)
rCorr   .          Rampage  .   (no gloves)
Will    .....                   (no boots)
Stlth   +.........              (no amulet)
HPRegen 0.16/turn               (no ring)
MPRegen 0.12/turn               (no ring)

@: very slightly contaminated
A: AC +6, unfitting armour, cold-blooded
a: Renounce Religion, Stomp, Line Pass


You were on level 6 of the Dungeon.
You worshipped Uskayaw.
Uskayaw was noncommittal.
You visited 1 branch of the dungeon, and saw 4 of its levels.

You collected 105 gold pieces.

Inventory:

Scrolls
 a - 2 scrolls of teleportation
Potions
 b - a potion of degeneration
 c - 2 potions of mutation {unknown}
 d - a potion of brilliance {unknown}


   Skills:
 + Level 2.9 Fighting
 + Level 2.9 Dodging
 * Level 4.7 Unarmed Combat
 + Level 3.0 Spellcasting
 + Level 3.2 Transmutations
 * Level 1.8 Ice Magic
 - Level 2.0 Poison Magic
 + Level 1.4 Invocations


You had 3 spell levels left.
You knew the following spells:

 Your Spells              Type           Power      Damage    Failure   Level
a - Beastly Appendage     Tmut           22%        N/A       5%          1
b - Spider Form           Tmut/Pois      10%        N/A       21%         3
c - Ice Form              Ice/Tmut       9%         N/A       56%         4

Your spell library contained the following spells:

 Spells                   Type           Power      Damage    Failure   Level
 Wereblood                Tmut           11%        N/A       9%          2


Dungeon Overview and Level Annotations

Branches:
Dungeon (3/15)

Altars:
Makhleb
Uskayaw


Innate Abilities, Weirdness & Mutations

Your plain brown scales are hard. (AC +6)
You cannot fit into any form of body armour.
You are cold-blooded and may be slowed by cold attacks.


Message History

You are too injured to fight recklessly!
You are too injured to fight recklessly!
You are too injured to fight recklessly!
You are too injured to fight recklessly!
You hit the kobold brigand.
The kobold brigand is poisoned.
The kobold brigand is lightly wounded.
The bullfrog skeleton hits you.
The kobold brigand hits you with a +0 short sword.
You hit the kobold brigand.
The kobold brigand is moderately wounded.
Your transformation has ended.
The bullfrog skeleton hits you but does no damage.
The kobold brigand hits you but does no damage.
Uskayaw will force your foes to share their pain.
Uskayaw links your audience in an emotional bond!
You closely miss the kobold brigand.
The kobold brigand is moderately wounded.
The bullfrog skeleton hits you.
The kobold brigand hits you with a +0 short sword.
* * * LOW HITPOINT WARNING * * *
Okay, then.
The bullfrog skeleton closely misses you.
Casting: Spider Form (dangerous; 21% risk of failure)
Confirm with . or Enter, or press ? or * to list all spells.
You miscast Spider Form.
You are very lightly contaminated with residual magic.
Nothing appears to happen.
The kobold brigand is no longer sharing its pain.
The bullfrog skeleton is no longer sharing its pain.
The bullfrog skeleton misses you.
Unknown command.
Casting: Spider Form (dangerous; 21% risk of failure)
Confirm with . or Enter, or press ? or * to list all spells.
The spell is extremely dangerous to cast (56% risk of failure)!
Continue anyway? [Y]es or [N]o only, please.
The spell is extremely dangerous to cast (56% risk of failure)!
Continue anyway?
You miscast Ice Form.
Your hands feel numb with cold!
* * * LOW HITPOINT WARNING * * *
The bullfrog skeleton hits you.
You die...

.#.####.##..#.#
..
##.####.###.#.#
........#
###.##
...###### #...#
##.# #.#.#
##.######
#.#.##
##......#
..#..#
##......#
#.###.##
##.....## ..
#.@### ....####
..# ##)ZK#
#####.. ##
###....#
......# ..)....
#####.. ....###
#...#### .####
#..###.# ##
.......#
#......####


You could see a kobold brigand (poisoned) and a bullfrog skeleton.

Vanquished Creatures
  A black bear (D:6)
  2 centaurs (D:6)
  A hound (D:6)
  An orc priest (D:3)
  Terence (D:2)
  An orc wizard (D:3)
  Robin (D:2)
  4 gnolls (D:6)
  An adder (D:2)
  2 worms
  An orc (D:3)
  3 ball pythons
  5 endoplasms
  A giant cockroach (D:2)
  17 goblins
  7 hobgoblins
  2 jackals (D:1)
  3 quokkas
  3 bats (D:1)
  14 frilled lizards
  8 kobolds
  7 rats
86 creatures vanquished.

Vanquished Creatures (others)
  A sky beast (D:6)
  6 plants (D:2)
7 creatures vanquished.

Grand Total: 93 creatures vanquished

Notes
Turn   | Place    | Note
-------+----------+-------------------------------------------
     0 | D:1      | kae the Draconian Transmuter began the quest for the Orb.
     0 | D:1      | Reached XP level 1. HP: 16/16 MP: 3/3
   312 | D:1      | Reached XP level 2. HP: 22/23 MP: 3/5
   905 | D:1      | Reached XP level 3. HP: 28/28 MP: 4/6
   935 | D:1      | Learned a level 3 spell: Spider Form
  1371 | D:2      | Noticed Terence
  1386 | D:2      | Killed Terence
  1388 | D:2      | Reached XP level 4. HP: 5/36 MP: 3/7
  1647 | D:2      | Found a burning altar of Makhleb.
  1791 | D:2      | Found a faded altar of an unknown god.
  1899 | D:2      | Noticed Robin
  1918 | D:2      | Killed Robin
  2337 | D:3      | Found a hide-covered altar of Uskayaw.
  2450 | D:3      | Reached skill level 4 in Unarmed Combat
  2450 | D:3      | Reached skill level 1 in Poison Magic
  2450 | D:3      | Reached XP level 5. HP: 38/41 MP: 4/8
  2572 | D:3      | Became a worshipper of Uskayaw the Reveller
  2711 | D:3      | Reached * piety under Uskayaw
  2716 | D:3      | Reached ** piety under Uskayaw
  2736 | D:3      | You fall into a shaft and drop 3 floors!
  2758 | D:6      | Killed a sky beast
  2817 | D:6      | Learned a level 4 spell: Ice Form
  2824 | D:6      | Noticed a centaur
  2831 | D:6      | Killed a centaur
  2832 | D:6      | Reached XP level 6. HP: 38/50 MP: 6/10
  2930 | D:6      | Reached skill level 1 in Ice Magic
  2930 | D:6      | Reached skill level 1 in Invocations
  3320 | D:6      | Reached *** piety under Uskayaw
  3325 | D:6      | Reached **** piety under Uskayaw
  3329 | D:6      | Slain by a bullfrog skeleton

Illustrated notes

Levels and vault maps discovered:
D:1:      wheals_arrival_linesprint, layout_rooms, serial_corexii_hall,
          corexii_hall_statues_l, corexii_hall_statues_i,
          chequers_hall_statues_wall_a, corexii_hall_statues_i
D:2:      layout_rooms, shapermc_ecumenical_altar_venn, basic_altar,
          st_stairs_14, minmay_lizard_king, uniq_robin, uniq_terence
D:3:      layout_loops_cross, mainiacjoe_overflow_concentric_impassable
D:6:      minmay_general_purpose_star, layout_loops_cross,
          grunt_temple_overflow_order_and_chaos_1, serial_shops, shop,
          nrook_pool_corridor, hangedman_decor_lopped, kennysheep_flooded_box

Skill      XL: |  1  2  3  4  5  6 |
---------------+-------------------+-----
Dodging        | 2 |  2.9
Fighting       | 2 |  2.9
Unarmed Combat | 4 |  4.7
Poison Magic   | 1 2 |  2.0
Transmutations | 3 |  3.2
Ice Magic      | 1 |  1.8
Invocations    | 1 |  1.4
Spellcasting   | 3 |  3.0

Action                   |  1- 3 |  4- 6 || total
-------------------------+-------+-------++-------
Melee: Unarmed           |    97 |   144 ||   241
       Kick              |    15 |     5 ||    20
       Headbutt          |    11 |     4 ||    15
       Tailslap          |     6 |     7 ||    13
 Cast: Beastly Appendage |    18 |    11 ||    29
       Spider Form       |     1 |    11 ||    12
  Use: Scroll            |     1 |     2 ||     3
 Stab: Sleeping          |     1 |       ||     1
       Paralysed         |       |     1 ||     1
Armor: Skin              |    36 |    32 ||    68
Dodge: Dodged            |    74 |   120 ||   194

Table legend: (Time is in decaauts)
 A = Elapsed time spent in this place.
 B = Non-inter-level travel time spent in this place.
 C = Inter-level travel time spent in this place.
 D = Time resting spent in this place.
 E = Time spent auto-exploring this place.
 F = Levels seen in this place.
 G = Mean time per level.
                   A        B        C        D        E       F      G
               +--------+--------+--------+--------+--------+-----+--------+
         Total |   3312 |   3205 |    107 |    242 |   2349 |   4 |  828.0 |
       Dungeon |   3312 |   3205 |    107 |    242 |   2349 |   4 |  828.0 |
               +--------+--------+--------+--------+--------+-----+--------+

Top non-repeatable levels by time:
     D:1: 1243 daAuts
     D:2: 1038 daAuts
     D:6: 589 daAuts
     D:3: 440 daAuts
